 Dungeon Crawl Stone Soup version 0.22-b1-26-g9dbaab1 (webtiles) character file.

2342 Loudmushroom the Cleaver (level 9, -3/118 HPs)
             Began as a Minotaur Berserker on Aug 8, 2018.
             Was an Elder of Trog.
             Slain by a slave (6 damage)
             ... led by Pikel
             ... on level 6 of the Dungeon.
             The game lasted 00:47:35 (8424 turns).

Loudmushroom the Cleaver (Minotaur Berserker)       Turns: 8424, Time: 00:47:36

Health: -3/118     AC: 16    Str: 27    XL:     9   Next: 20%
Magic:  8/8        EV:  7    Int:  4    God:    Trog [****..]
Gold:   316        SH:  8    Dex: 13    Spells: 8/8 levels left

rFire    . . .     SeeInvis .   a - +0 hand axe
rCold    . . .     Gourm    .   m - +0 shield
rNeg     . . .     Faith    .   J - +0 plate armour
rPois    +         Spirit   .   (helmet restricted)
rElec    .         Reflect  .   C - +1 cloak {rPois}
rCorr    .         Harm     .   z - +0 pair of gloves
MR       .....                  (no boots)
Stlth    ..........             (no amulet)
HPRegen  0.29/turn              (no ring)
MPRegen  0.11/turn              (no ring)

@: berserking, very quick
A: retaliatory headbutt, horns 2
a: Berserk, Trog's Hand, Brothers in Arms, Renounce Religion


You were on level 6 of the Dungeon.
You worshipped Trog.
Trog was greatly pleased with you.
You were very hungry.

You visited 1 branch of the dungeon, and saw 6 of its levels.
You also visited: Sewer.

You collected 316 gold pieces.

Inventory:

Hand Weapons
 a - a +0 hand axe (weapon)
 b - a +0 hunting sling
 t - a +0 shortbow
 y - a +0 blowgun
 F - a +0 battleaxe
Missiles
 d - 262 stones
 f - 80 bolts
 g - 50 arrows
 i - 66 poisoned needles
 w - 5 tomahawks (quivered)
 x - 69 sling bullets
Armour
 m - a +0 shield (worn)
 z - a +0 pair of gloves (worn)
 B - the +0 robe "Veduukoas" {MR+ Stlth+}
   (You found it on level 5 of the Dungeon)

   It affects your resistance to hostile enchantments.
   It makes you more stealthy.
 C - a +1 cloak of poison resistance (worn)
 H - a +2 ring mail of fire resistance
 J - a +0 plate armour (worn)
Wands
 G - a wand of polymorph (20)
Scrolls
 e - a scroll of blinking
 n - a scroll of fear
 o - 3 scrolls of teleportation
 p - 5 scrolls of remove curse
 v - 2 scrolls of amnesia {unknown}
 E - a scroll of magic mapping
 I - a scroll of noise {unknown}
 M - 2 scrolls of identify
 N - a scroll of immolation {unknown}
Potions
 h - 5 potions of heal wounds {unknown}
 j - 3 potions of brilliance {unknown}
 k - 3 potions of flight {unknown}
 l - 3 potions of might
 q - 3 potions of lignification
 r - a potion of mutation {unknown}
 s - 2 potions of agility {unknown}
 u - 8 potions of curing
 A - a potion of berserk rage {unknown}
 D - 2 potions of degeneration {unknown}
 L - a potion of haste {unknown}
Comestibles
 c - 5 rations


   Skills:
 + Level 7.5 Fighting
 * Level 10.0 Axes
 + Level 7.0 Armour
 + Level 6.4 Dodging


You had 8 spell levels left.
You didn't know any spells.
Your spell library was empty.

Dungeon Overview and Level Annotations

Branches:
Dungeon (6/15)
 Temple: D:4-7

Altars:
Cheibriados
Gozag
Kikubaaqudgha
Qazlal
Uskayaw
Xom
The Shining One

Annotations:
D:6 Pikel


Innate Abilities, Weirdness & Mutations

You reflexively headbutt those who attack you in melee.
You have a pair of horns on your head.


Message History

You hit Pikel but do no damage. Your headbutt misses Pikel.
Pikel is severely wounded.
You hit the slave. You block Pikel's attack.
All of the chunks of flesh in your inventory have rotted away.
You hit Pikel.
Pikel is almost dead.
You closely miss the slave. You block the slave's attack.
Pikel says, "Slavery isn't that bad."
You block Pikel's attack.
You hit Pikel.
Pikel is almost dead.
You miss the slave. The slave barely misses you. You furiously retaliate!
You headbutt the slave.
Pikel hits you with a whip of electrocution.
* * * LOW HITPOINT WARNING * * *
A red film seems to cover your vision as you go berserk!
You feel yourself moving faster!
You feel mighty!
You are feeling very hungry.
The slave hits you.
You die...

...#.....+ ####
#.#.....# #..#
#...#####
####..####..########
......'.............
......####..########
# ......#
##......###'###
####..#
#..###[p...... #..#
##.# #@K...... #..#
#.. #........ #..#
##.##........ ####
?.#........
#.#........
.......... ####.
..###.### .....# ..#
.# .....#


You could see Pikel and a slave.

Vanquished Creatures
  Prince Ribbit (D:5)
  Grinder (D:3)
  Duvessa (D:5)
  3 slaves
  A black bear (D:6)
  A phantom (D:4)
  An orc warrior (D:6)
  2 ogres (D:5)
  A centaur (D:5)
  2 bullfrogs (D:6)
  A scorpion (D:4)
  Dowan (D:5)
  A howler monkey (D:5)
  2 bullfrog zombies (D:5)
  6 orc priests
  A hound (D:5)
  Crazy Yiuf (D:5)
  2 orc wizards
  A centaur skeleton (D:4)
  3 bullfrog skeletons
  2 iguanas (D:5)
  Terence (D:3)
  4 worker ants
  A hound skeleton (D:5)
  Robin (D:3)
  A howler monkey zombie (D:5)
  A worker ant zombie (D:5)
  9 adders
  A howler monkey skeleton (D:5)
  10 river rats (Sewer)
  A shadow imp (D:5)
  2 oozes
  2 adder skeletons
  8 worms
  A dart slug (D:4)
  5 leopard geckos
  23 orcs
  8 bats
  17 giant cockroaches
  13 goblins
  11 hobgoblins
  5 jackals
  20 kobolds
  8 ball pythons
  7 frilled lizards
  A quokka skeleton (D:5)
  21 rats
217 creatures vanquished.

Notes
Turn   | Place    | Note
-------+----------+-------------------------------------------
     0 | D:1      | Loudmushroom the Minotaur Berserker began the quest for the Orb.
     0 | D:1      | Reached XP level 1. HP: 19/19 MP: 0/0
   226 | D:1      | Reached XP level 2. HP: 27/27 MP: 1/1
   229 | D:1      | Reached skill level 4 in Axes
   480 | D:1      | Reached XP level 3. HP: 31/33 MP: 2/2
   679 | D:1      | You fall through a shaft!
  1435 | D:2      | Reached XP level 4. HP: 40/40 MP: 3/3
  1861 | D:3      | Reached ** piety under Trog
  1912 | D:3      | Noticed Robin
  1932 | D:3      | Killed Robin
  1932 | D:3      | Reached skill level 5 in Axes
  2602 | D:3      | Noticed Grinder
  2615 | D:3      | Found a hide-covered altar of Uskayaw.
  2630 | D:3      | Killed Grinder
  2630 | D:3      | Reached skill level 6 in Axes
  2630 | D:3      | Reached XP level 5. HP: 9/47 MP: 4/4
  2630 | D:3      | Reached XP level 6. HP: 10/55 MP: 5/5
  2890 | D:3      | Found a glowing golden altar of the Shining One.
  2890 | D:3      | Found a shimmering altar of Xom.
  2919 | D:3      | Found an ancient bone altar of Kikubaaqudgha.
  2923 | D:3      | Found a snail-covered altar of Cheibriados.
  3175 | D:3      | Reached skill level 5 in Fighting
  3504 | D:3      | Noticed Terence
  3523 | D:3      | Killed Terence
  4100 | D:4      | Reached XP level 7. HP: 47/61 MP: 6/6
  4655 | D:4      | Reached *** piety under Trog
  4655 | D:4      | Reached skill level 7 in Axes
  4806 | D:4      | Reached skill level 5 in Armour
  5458 | D:5      | Entered Level 5 of the Dungeon
  5713 | D:5      | Got a shadowed robe
  5724 | D:5      | Identified the cursed +0 robe "Veduukoas" {MR+ Stlth+} (You found it on level 5 of the Dungeon)
  5768 | D:5      | Reached skill level 5 in Dodging
  5777 | D:5      | Reached XP level 8. HP: 35/70 MP: 7/7
  5780 | D:5      | Reached skill level 8 in Axes
  6133 | D:5      | Noticed Prince Ribbit
  6156 | D:5      | Killed Prince Ribbit
  6400 | D:5      | Noticed Duvessa
  6405 | D:5      | Noticed Dowan
  6410 | D:5      | Reached skill level 9 in Axes
  6417 | D:5      | Killed Dowan
  6423 | D:5      | Killed Duvessa
  6638 | D:5      | Found a runed door.
  6642 | D:5      | Noticed Crazy Yiuf
  6646 | D:5      | Killed Crazy Yiuf
  7127 | D:6      | Reached XP level 9. HP: 76/79 MP: 8/8
  7141 | D:6      | Found an opulent altar of Gozag.
  7141 | D:6      | Found a stormy altar of Qazlal.
  7193 | D:6      | Found a glowing drain.
  7202 | Sewer    | Entered a sewer
  7341 | Sewer    | Reached **** piety under Trog
  7975 | D:6      | Reached skill level 10 in Axes
  8405 | D:6      | Noticed Pikel
  8423 | D:6      | HP: 2/79 [Pikel/whip of electrocution (3)]
  8424 | D:6      | Slain by a slave

Skill      XL: |  1  2  3  4  5  6  7  8  9 |
---------------+----------------------------+-----
Axes           | 4 6 7 9 10 | 10.0
Fighting       | 4 5 6 7 |  7.5
Armour         | 3 4 5 6 7 |  7.0
Dodging        | 3 4 5 6 |  6.4

Action                   |  1- 3 |  4- 6 |  7- 9 || total
-------------------------+-------+-------+-------++-------
Melee: Hand axe          |    63 |   147 |   362 ||   572
       Headbutt          |    13 |    37 |    84 ||   134
Throw: Tomahawk          |       |     3 |    20 ||    23
Invok: Trog's Hand       |       |     2 |     3 ||     5
       Berserk           |       |     1 |     2 ||     3
  Use: Scroll            |       |       |    10 ||    10
  Eat: Chunk             |     1 |     7 |    13 ||    21
       Ration            |       |     1 |     1 ||     2
Armor: Animal skin       |    11 |     4 |       ||    15
       Scale mail        |       |    39 |       ||    39
       Chain mail        |       |    16 |   105 ||   121
       Plate armour      |       |       |    95 ||    95
Dodge: Dodged            |    33 |    48 |    94 ||   175
Block: Shield            |     8 |    71 |   159 ||   238
